 Seeded DCSS version 0.28-a0-1567-g1695149f81 (webtiles) character file.

Game seed: 144 (custom seed)

69 knot the Chopper (level 4, 30/35 HPs)
             Began as a Demonspawn Berserker on Jan 19, 2022.
             Was a Follower of Trog.
             Quit the game on level 2 of the Dungeon.
             The game lasted 00:01:00 (2091 turns).

knot the Chopper (Demonspawn Berserker)             Turns: 2091, Time: 00:01:00

Health: 30/35      AC:  2    Str: 18    XL:     4   Next: 2%
Magic:  4/4        EV: 12    Int: 10    God:    Trog [*.....]
Gold:   70         SH:  0    Dex: 12    Spells: 3/3 levels left

rFire   . . .      SeeInvis .   a - +0 hand axe
rCold   . . .      Faith    .   (no shield)
rNeg    . . .      Spirit   .   b - +0 animal skin
rPois   .          Reflect  .   (no helmet)
rElec   .          Harm     .   (no cloak)
rCorr   .          Rampage  .   (no gloves)
Will    .....                   (no boots)
Stlth   +.........              (no amulet)
HPRegen 0.11/turn               (no ring)
MPRegen 0.18/turn               (no ring)

@: no status effects
A: spiny 1, magic regeneration
a: Renounce Religion, Berserk


You were on level 2 of the Dungeon.
You worshipped Trog.
Trog was aware of your devotion.
You visited 1 branch of the dungeon, and saw 2 of its levels.

You collected 70 gold pieces.

Inventory:

Hand Weapons
 a - a +0 hand axe (weapon)
Missiles
 e - 35 stones
 f - 5 poisoned darts (quivered)
Armour
 b - a +0 animal skin (worn)
Jewellery
 g - a ring of magical power
Scrolls
 d - 3 scrolls of identify {unknown}
 h - a scroll of noise {unknown}
Potions
 c - a potion of brilliance {unknown}


   Skills:
 - Level 3.0 Fighting
 * Level 3.8 Axes
 * Level 2.0 Throwing
 - Level 1.7 Armour
 - Level 1.7 Dodging


You had 3 spell levels left.
You didn't know any spells.
Your spell library contained the following spells:

 Spells                   Type           Power      Damage    Failure   Level
 Conjure Flame            Conj/Fire      0%         6-21      75%         3
 Ignite Poison            Fire/Tmut/Pois 0%         N/A       75%         3
 Sticky Flame             Conj/Fire      0%         2d3       98%         4


Dungeon Overview and Level Annotations

Branches:
Dungeon (2/15)

Altars:


Innate Abilities, Weirdness & Mutations

You are partially covered in sharp spines.
You regenerate magic rapidly.


Message History

No target in view!
No target in view!
No target in view!
A ball python comes into view.
A ball python is nearby!
The ball python misses you. The ball python closely misses you.
The ball python bites you. The ball python closely misses you.
You hit the ball python.
You kill the ball python!
Trog accepts your kill.
No target in view!
No target in view!
There is an escape hatch in the ceiling, spattered with blood here.
You now have 70 gold pieces (gained 13).
Found an escape hatch in the floor.
An endoplasm comes into view.
An endoplasm is nearby!
The helpless endoplasm fails to defend itself.
You slash the endoplasm!
You kill the endoplasm!
Trog accepts your kill.
No target in view!
A dart slug comes into view.
A dart slug is nearby!
The dart slug launches a dart at you. The slug dart misses you.
A dart slug is nearby!
The dart slug bites you.
You hit the dart slug.
The dart slug is heavily wounded.
The dart slug launches a dart at you. The slug dart hits you.
You hit the dart slug. You punch the dart slug.
You kill the dart slug!
Trog accepts your kill.
Your Throwing skill increases to level 2!
You have reached level 4!
You feel stronger.
Your demonic ancestry asserts itself...
Sharp spines emerge from parts of your body.
Are you sure you want to abandon this character and quit the game? (Confirm with "yes".)

.................#
#.....######...## #.
#...............## #.#
#..(..######.....#
#.###..#..# #.......
#.........# #..####.
#.####.##.# ##..# #)
##.####†##.# #...## #.
#....#@.<#.# #....###.
#..........# #........
#....#...#.# #.#......
##..###.##.####.#####.#
#..# #.##......# #.#
#..###.####.#### #.#
#.......# #.# #.#
##.####.###.# #.#
#.###...##.# #.#


There were no monsters in sight!

Vanquished Creatures
  Terence (D:2)
  A dart slug (D:2)
  5 ball pythons
  A bat (D:1)
  6 endoplasms
  3 giant cockroaches (D:1)
  5 goblins
  4 hobgoblins
  2 kobolds (D:2)
  2 quokkas (D:1)
  A frilled lizard (D:2)
  2 rats
33 creatures vanquished.

Notes
Turn   | Place    | Note
-------+----------+-------------------------------------------
     0 | D:1      | knot the Demonspawn Berserker began the quest for the Orb.
     0 | D:1      | Reached XP level 1. HP: 18/18 MP: 1/1
   437 | D:1      | Gained mutation: You regenerate magic rapidly. [demonic
                  | ancestry]
   437 | D:1      | Reached XP level 2. HP: 12/24 MP: 2/2
   758 | D:1      | Reached skill level 1 in Throwing
  1315 | D:2      | Reached XP level 3. HP: 25/29 MP: 3/3
  1603 | D:2      | Noticed Terence
  1612 | D:2      | Killed Terence
  2091 | D:2      | Gained mutation: You are partially covered in sharp spines.
                  | [demonic ancestry]
  2091 | D:2      | Reached XP level 4. HP: 30/35 MP: 4/4
  2091 | D:2      | Quit the game

Illustrated notes

Levels and vault maps discovered:
D:1:      dpeg_arrival_central, layout_loops_ring, minmay_octomino_j4
D:2:      layout_loops_ring, hangedman_decor_growths, uniq_terence

Skill      XL: |  1  2  3 |
---------------+----------+-----
Axes           | 3 |  3.8
Throwing       | 1 2 |  2.0
Fighting       | |  3.0
Armour         | |  1.7
Dodging        | |  1.7

Action                   |  1- 3 |  4- 6 || total
-------------------------+-------+-------++-------
Melee: Hand axe          |    88 |       ||    88
       Punch             |     2 |       ||     2
Invok: Berserk           |     2 |       ||     2
 Stab: Sleeping          |     3 |       ||     3
Armor: Animal skin       |    16 |       ||    16
Dodge: Dodged            |    49 |       ||    49

Table legend: (Time is in decaauts)
 A = Elapsed time spent in this place.
 B = Non-inter-level travel time spent in this place.
 C = Inter-level travel time spent in this place.
 D = Time resting spent in this place.
 E = Time spent auto-exploring this place.
 F = Levels seen in this place.
 G = Mean time per level.
                   A        B        C        D        E       F      G
               +--------+--------+--------+--------+--------+-----+--------+
         Total |   2123 |   2103 |     20 |    521 |   1382 |   2 | 1061.5 |
       Dungeon |   2123 |   2103 |     20 |    521 |   1382 |   2 | 1061.5 |
               +--------+--------+--------+--------+--------+-----+--------+

Top non-repeatable levels by time:
     D:1: 1299 daAuts
     D:2: 824 daAuts
